 Dungeon Crawl Stone Soup version 0.30-a0-715-gdb4ae3ece1 (webtiles) character file.

Game seed: 11246947715764365911

11 voltaire321 the Ducker (level 2, 0/23 HPs)
             Began as a Djinni Gladiator on Jan 24, 2023.
             Constricted to death by a ball python (1 damage)
             ... on level 1 of the Dungeon.
             The game lasted 00:01:25 (166 turns).

voltaire321 the Ducker (Djinni Gladiator)            Turns: 166, Time: 00:01:26

Health: 0/23       AC:  4    Str: 13    XL:     2   Next: 40%
Gold:   0          EV:  9    Int:  9    God:
                   SH:  0    Dex: 14

rFire   + + .      SeeInvis .    a - +0 long sword
rCold   x . .      Faith    .    (no shield)
rNeg    . . .      Spirit   .    b - +0 leather armour
rPois   ∞          Reflect  .    c - +0 helmet
rElec   .          Harm     .    (no cloak)
rCorr   .          Rampage  .    (no gloves)
Will    .....                    (boots unavailable)
Stlth   +                        (no amulet)
HPRegen 0.23/turn                (no ring)
MPRegen 0.00/turn                (no ring)

@: flying, constricted
A: sickness immunity, fire resistance 2, cold vulnerability 1, float, innate
caster, HP casting, extra vitality 1
a: no special abilities


You were on level 1 of the Dungeon.
You visited 1 branch of the dungeon, and saw 1 of its levels.

Inventory:

Hand Weapons
 a - a +0 long sword (weapon)
Missiles
 d - 3 throwing nets (quivered)
 e - a javelin
 i - 6 boomerangs
Armour
 b - a +0 leather armour (worn)
 c - a +0 helmet (worn)
Scrolls
 g - a scroll of fog {unknown}
 h - a scroll of noise {unknown}
Potions
 f - a potion of heal wounds {unknown}


   Skills:
 + Level 2.1 Fighting
 + Level 2.8 Long Blades
 + Level 1.7 Throwing
 + Level 3.4 Dodging
 + Level 0.3 Spellcasting


You had one spell level left.
You didn't know any spells.
Your spell library was empty.

Dungeon Overview and Level Annotations

Branches:
Dungeon (1/15)

Altars:


Innate Abilities, Weirdness & Mutations

You are immune to sickness and miasma.
You are immune to poison.
Your flesh is very heat resistant. (rF++)
You are vulnerable to cold. (rC-)
You float through the air rather than walking.
You learn spells naturally, not from books.
Your magical power is your life essence.
You have superior vitality. (+4 MHP)


Message History

The jackal bites you but does no damage. x2
You completely miss the hobgoblin.
The hobgoblin is almost dead.
The jackal bites you but does no damage.
The hobgoblin barely misses you. The jackal bites you. x2
* * * LOW HITPOINT WARNING * * *
You slash the hobgoblin!
You kill the hobgoblin!
The jackal bites you but does no damage.
The kobold throws a stone.
The stone hits you but does no damage. The jackal closely misses you.
The jackal bites you.
* * * LOW HITPOINT WARNING * * *
The kobold barely misses you.
You slash the kobold!
You kill the kobold!
The jackal barely misses you. x2; The jackal closely misses you.
The kobold throws a stone.
The stone hits you but does no damage. The jackal barely misses you.
The jackal barely misses you.
The jackal bites you but does no damage.
The kobold hits you but does no damage.
A ball python comes into view.
The jackal misses you.
Items here: )) †††††.
The jackal attacks as you move away! The jackal bites you.
* * * LOW HITPOINT WARNING * * *
The jackal attacks as you move away! The jackal barely misses you.
The kobold hits you with a +0 club.
* * * LOW HITPOINT WARNING * * *
You completely miss the kobold. The kobold barely misses you.
The jackal bites you but does no damage.
You closely miss the kobold. The kobold closely misses you.
The jackal bites you but does no damage.
You hit the kobold.
The kobold is moderately wounded.
The jackal misses you. The kobold barely misses you. The jackal bites you.
* * * LOW HITPOINT WARNING * * *
The kobold hits you but does no damage. The ball python barely misses you.
The ball python grabs you. The ball python constricts you.
You die...

#.8..8.8..8.# #.....=..##K....
#..÷....÷÷..# #........##gr..#
#...÷...÷...# #........##.....
#.8..8.8..8.# #........##.)...
#...........###........##..#..
#...........#........##†......
#...........#.........#.#.....
#...........#.S.......#.......
#...........#@........#.....#~
+.....<....hhK##......#......♣
#...........####......#..>..PP
#...........# #......#.#..~~P
#...........# #......+.#.♣♣~~
#...........# #......##..~♣~~
#...........# ##....#.....P~~~
#.8..8.8..8.# #............P~~
#..÷÷...÷÷..# #.............♣~


You could see 2 jackals, a ball python and a kobold.

Vanquished Creatures
  2 endoplasms (D:1)
  A giant cockroach (D:1)
  A goblin (D:1)
  A hobgoblin (D:1)
  A jackal (D:1)
  A quokka (D:1)
  A frilled lizard (D:1)
  2 kobolds (D:1)
10 creatures vanquished.

Notes
Turn   | Place    | Note
-------+----------+-------------------------------------------
     0 | D:1      | voltaire321 the Djinni Gladiator began the quest for the
                  | Orb.
     0 | D:1      | Reached XP level 1. HP: 18/18 MP: 0/0
   137 | D:1      | Reached XP level 2. HP: 23/23 MP: 0/0
   163 | D:1      | HP: 1/23 [kobold/+0 club (1)]
   166 | D:1      | Constricted to death by a ball python

Illustrated notes

Levels and vault maps discovered:
D:1:      giann_forest_graveyard, layout_basic, serial_bayou_lake_a

Action                     || total
---------------------------++-------
  Melee: Long sword        ||    29
 Armour: Leather armour    ||    22
  Dodge: Dodged            ||    53

Table legend: (Time is in decaauts)
 A = Elapsed time spent in this place.
 B = Non-inter-level travel time spent in this place.
 C = Inter-level travel time spent in this place.
 D = Time resting spent in this place.
 E = Time spent auto-exploring this place.
 F = Levels seen in this place.
 G = Mean time per level.
                   A        B        C        D        E       F      G
               +--------+--------+--------+--------+--------+-----+--------+
         Total |    172 |    172 |      0 |      0 |     84 |   1 |  172.0 |
       Dungeon |    172 |    172 |      0 |      0 |     84 |   1 |  172.0 |
               +--------+--------+--------+--------+--------+-----+--------+

Top non-repeatable levels by time:
     D:1: 172 daAuts
